AoeStats
← chenya_ko

Arabia

509186416Analyzed
1v1 RM · 8d ago on Sep 25, 2026· 38m 45s· 2 players
Game mode
Random Map
Map size
Tiny (2 player)
Population
200
Speed
Normal
Resources
Standard
Victory
Conquest
Starting age
Dark Age
Ending age
Imperial Age
RankedLock teamsTeams togetherTeam positionsShared explorationLock speedFull tech treeHidden civsTurbo modeCheats
Victory
Defeat
🇺🇸 Vietnamese · United States
1039
+16
🇹🇼 Japanese · Taiwan
1046
-16
slimetimelive
5:10 Loom
9:41 Feudal Age
12:28 Horse Collar
16:14 Wheelbarrow
15:40 Gold Mining
17:31 Padded Archer Armor
17:22 Fletching
21:46 Castle Age
20:02 Gold Mining
20:24 Double-Bit Axe
22:42 Bodkin Arrow
22:09 Crossbowman
23:56 Hand Cart
26:07 Leather Archer Armor
27:23 Bow Saw
28:29 Scale Barding Armor
28:43 Heavy Plow
29:25 Bloodlines
30:06 Husbandry
31:20 Chain Barding Armor
32:26 Forging
35:15 Iron Casting
41:48 Imperial Age
chenya_ko
1:49 Loom
10:10 Feudal Age
10:17 Man-at-Arms
14:54 Fletching
15:14 Double-Bit Axe
18:09 Wheelbarrow
19:05 Padded Archer Armor
23:49 Castle Age
22:00 Arson
22:10 Horse Collar
22:23 Gold Mining
22:41 Scale Mail Armor
23:26 Forging
23:53 Elite Skirmisher
24:12 Long Swordsman
25:54 Chain Mail Armor
25:29 Gambesons
26:10 Squires
28:57 Hand Cart
29:04 Bodkin Arrow
31:39 Iron Casting
32:13 Bow Saw
33:07 Leather Archer Armor
32:46 Town Watch
33:54 Gold Shaft Mining
33:12 Stone Mining
35:19 Pikeman
Connection lost

Rejoining the realm…

Still unreachable

The connection could not be restored.

Session expired

The server has moved on; the page needs a fresh start.